 Dungeon Crawl Stone Soup version 0.24.0-41-g2ae2f7f1be (webtiles) character file.

Game seed: 12322822792267385492, levelgen mode: deterministic

87 FessEmpty the Vexing (level 4, 0/21 HPs)
             Began as a Vine Stalker Enchanter on Dec 13, 2019.
             Slain by Sigmund
             ... wielding a +3 scythe of venom
              (11 damage)
             ... on level 2 of the Dungeon.
             The game lasted 00:12:12 (2473 turns).

FessEmpty the Vexing (Vine Stalker Enchanter)       Turns: 2473, Time: 00:12:13

Health: 0/21       AC:  3    Str: 11    XL:     4   Next: 51%
Magic:  0/8        EV: 12    Int: 15    God:
Gold:   19         SH:  0    Dex: 15    Spells: 1/7 levels left

rFire    . . .     SeeInvis .   a - +1 dagger
rCold    . . .     Gourm    .   (no shield)
rNeg     . . .     Faith    .   b - +0 robe
rPois    .         Spirit   +   m - +0 helmet (curse)
rElec    .         Reflect  .   (no cloak)
rCorr    .         Harm     .   (no gloves)
MR       .....                  (no boots)
Stlth    +.........             (no amulet)
HPRegen  0.47/turn              (no ring)
MPRegen  0.11/turn              (no ring)

@: confused, lethally poisoned (0 -> -5), flying
A: fangs 2, regeneration 1, magic shield, antimagic bite, no potion heal 3, rot
immunity
a: no special abilities


You were on level 2 of the Dungeon.
You were not hungry.

You visited 1 branch of the dungeon, and saw 2 of its levels.

You collected 19 gold pieces.

Inventory:

Hand Weapons
 a - a +1 dagger (weapon)
Missiles
 l - 5 boomerangs
 n - 8 poisoned darts (quivered)
Armour
 b - a +0 robe (worn)
 m - a cursed +0 helmet (worn)
Scrolls
 e - 2 scrolls of identify {unknown}
 f - a scroll of teleportation {unknown}
 i - a scroll of magic mapping {unknown}
 k - a scroll of remove curse {unknown}
Potions
 g - a potion of curing {unknown}
 j - a potion of heal wounds
Comestibles
 d - 5 rations


   Skills:
 - Level 0.8 Short Blades
 - Level 1.5 Dodging
 - Level 3.6 Stealth
 + Level 2.3 Spellcasting
 + Level 4.9 Hexes
 - Level 1.0 Ice Magic


You had one spell level left.
You knew the following spells:

 Your Spells              Type           Power        Failure   Level  Hunger
a - Corona                Hex            ###....      2%          1    #......
b - Ensorcelled Hibernat  Hex/Ice        ##....       10%         2    ###....
c - Confuse               Hex            ###.....     9%          3    ###....

Your spell library contained the following spells:

 Spells                   Type           Power        Failure   Level  Hunger
 Tukima's Dance           Hex            ###.....     9%          3    ###....
 Dazzling Spray           Conj/Hex       #.....       24%         3    ###....


Dungeon Overview and Level Annotations

Branches:
Dungeon (2/15)

Altars:
Vehumet

Annotations:
D:2 Sigmund


Innate Abilities, Weirdness & Mutations

You have extremely sharp teeth.
Your natural rate of healing is unusually fast.
When hurt, damage is shared between your health and your magic reserves.
Your bite disrupts and absorbs the magic of your enemies.
Potions cannot restore your health.
You are immune to rotting.


Message History

The adder hisses angrily.
Things that are here:
a chain mail; a +0 dagger You see here 2 sling bullets.
Casting: Confuse (safe; 10% risk of failure)
Confirm with . or Enter, or press ? or * to list all spells.
Aiming: Ensorcelled Hibernation (safe; 10% risk of failure)
Press: ? - help, Shift-Dir - straight line, f/p - adder
Aim: an adder (chance to defeat MR: 50%)
You miscast Ensorcelled Hibernation.
You are very lightly contaminated with residual magic.
A chill runs through your body.
You are feeling hungry.
Casting: Ensorcelled Hibernation (safe; 10% risk of failure)
Confirm with . or Enter, or press ? or * to list all spells.
Aiming: Ensorcelled Hibernation (safe; 10% risk of failure)
Press: ? - help, Shift-Dir - straight line, f/p - adder
Aim: an adder (chance to defeat MR: 50%)
The adder looks drowsy...
The helpless adder fails to defend itself.
You puncture the adder!
You kill the adder!
You start resting.
Eating one of 3 chunks of flesh.
You eat one of the 3 chunks of flesh.
This raw flesh tastes terrible.
Your magical contamination has completely faded away.
You start resting.
The hobgoblin is too close now for your liking.
Things that are here:
a chain mail; a +0 dagger The hobgoblin throws a poisoned dart.
The poisoned dart hits you!
You are poisoned.
You see here a poisoned dart.
Casting: Ensorcelled Hibernation (safe; 10% risk of failure)
Confirm with . or Enter, or press ? or * to list all spells.
Aiming: Confuse (safe; 9% risk of failure)
Press: ? - help, Shift-Dir - straight line, f - hobgoblin
Aim: a hobgoblin, wielding a +0 club (chance to defeat MR: 64%)
The hobgoblin appears confused.
You feel sick.
You feel sick.
You feel sick.
You hit the hobgoblin.
The hobgoblin is moderately wounded.
You feel sick.
You hit the hobgoblin.
You kill the hobgoblin!
You feel sick.
n - 2 poisoned darts (gained 1)
You feel sick.
You feel sick.
Things that are here:
a chain mail; a +0 dagger You start resting.
You feel sick. x3
HP restored.
You feel sick.
You start resting.
HP restored.
You start resting.
You feel sick.
HP restored.
You start resting.
You feel sick.
You are no longer poisoned.
You start resting.
HP restored.
Things that are here:
a chain mail; a +0 dagger You start resting.
Magic restored.
n - 3 poisoned darts (gained 1)
An adder comes into view.
A hobgoblin comes into view. It is wielding a +0 club.
The hobgoblin shouts!
Casting: Confuse (safe; 9% risk of failure)
Confirm with . or Enter, or press ? or * to list all spells.
Aiming: Ensorcelled Hibernation (safe; 10% risk of failure)
Press: ? - help, Shift-Dir - straight line, f - adder
Aim: an adder (moderately wounded, hasn't noticed you, chance to defeat MR: 50%)
The adder hisses angrily.
The adder resists with some effort.
The adder barely misses you.
Casting: Ensorcelled Hibernation (safe; 10% risk of failure)
Confirm with . or Enter, or press ? or * to list all spells.
Aiming: Ensorcelled Hibernation (safe; 10% risk of failure)
Press: ? - help, Shift-Dir - straight line, f/p - adder
Aim: an adder (moderately wounded, chance to defeat MR: 50%)
The adder looks drowsy...
The helpless adder fails to defend itself.
You puncture the adder!
You kill the adder!
Casting: Ensorcelled Hibernation (safe; 10% risk of failure)
Confirm with . or Enter, or press ? or * to list all spells.
Aiming: Ensorcelled Hibernation (safe; 10% risk of failure)
Press: ? - help, Shift-Dir - straight line, f - hobgoblin
Aim: a hobgoblin, wielding a +0 club (chance to defeat MR: 59%)
The hobgoblin looks drowsy...
The helpless hobgoblin fails to defend itself.
You puncture the hobgoblin!
You kill the hobgoblin!
You start resting.
The goblin is too close now for your liking.
All of the chunks of flesh in your inventory have rotted away.
You start resting.
The goblin is too close now for your liking.
Throwing (i - inventory. (/) - cycle)
n - 3 poisoned darts (quivered)
Press: ? - help, Shift-Dir - straight line, f - goblin
Aim: a goblin (hasn't noticed you)
You throw a poisoned dart.
The poisoned dart barely misses the goblin.
The goblin shouts!
The goblin wields a +0 hunting sling.
The goblin shoots a stone.
The stone hits you.
You start resting.
HP restored.
You start resting.
The goblin is too close now for your liking.
Casting: Ensorcelled Hibernation (safe; 10% risk of failure)
Confirm with . or Enter, or press ? or * to list all spells.
Aiming: Ensorcelled Hibernation (safe; 10% risk of failure)
Press: ? - help, Shift-Dir - straight line, f/p - goblin
Aim: a goblin, wielding a +0 hunting sling (chance to defeat MR: 59%)
The goblin resists with significant effort.
The goblin shoots a stone.
The stone barely misses you.
Casting: Ensorcelled Hibernation (safe; 10% risk of failure)
Confirm with . or Enter, or press ? or * to list all spells.
Aiming: Ensorcelled Hibernation (safe; 10% risk of failure)
Press: ? - help, Shift-Dir - straight line, f/p - goblin
Aim: a goblin, wielding a +0 hunting sling (chance to defeat MR: 59%)
The goblin resists with significant effort.
The goblin shoots a stone.
The stone barely misses you.
Casting: Ensorcelled Hibernation (safe; 10% risk of failure)
Confirm with . or Enter, or press ? or * to list all spells.
Aiming: Ensorcelled Hibernation (safe; 10% risk of failure)
Press: ? - help, Shift-Dir - straight line, f/p - goblin
Aim: a goblin, wielding a +0 hunting sling (chance to defeat MR: 59%)
The goblin looks drowsy...
You are feeling hungry.
You see here a stone.
You barely miss the goblin.
The goblin shouts!
You bite the goblin.
You kill the goblin!
The goblin shouts!
You hit the goblin. You bite the goblin.
You kill the goblin!
You hear an angry hiss.
A leopard gecko comes into view.
n - 7 poisoned darts (gained 5)
You see here a +0 club.
Things that are here:
a chain mail; a +0 dagger You start resting.
The leopard gecko is too close now for your liking.
Casting: Ensorcelled Hibernation (safe; 10% risk of failure)
Confirm with . or Enter, or press ? or * to list all spells.
Aiming: Ensorcelled Hibernation (safe; 10% risk of failure)
Press: ? - help, Shift-Dir - straight line, f - leopard gecko
Aim: a leopard gecko (clinging, chance to defeat MR: 59%)
The leopard gecko looks drowsy...
Things that are here:
a chain mail; a +0 dagger The helpless leopard gecko fails to defend itself.
You puncture the leopard gecko!
You kill the leopard gecko!
Things that are here:
a chain mail; a +0 dagger You see here a leopard gecko corpse.
You butcher the leopard gecko corpse.
c - a chunk of flesh You see here a leopard gecko skeleton.
Eating a chunk of flesh.
You eat the chunk of flesh.
This raw flesh tastes terrible.
Things that are here:
a chain mail; a +0 dagger You start resting.
Magic restored.
Things that are here:
a chain mail; a +0 dagger You see here a leopard gecko skeleton.
You see here a stone.
n - 8 poisoned darts (gained 1)
Casting: Ensorcelled Hibernation (safe; 10% risk of failure)
Confirm with . or Enter, or press ? or * to list all spells.
Aiming: Confuse (safe; 9% risk of failure)
Press: ? - help, Shift-Dir - straight line, f - Sigmund
Aim: Sigmund, wielding a +3 scythe of venom and wearing a +0 robe (hasn't noticed you, chance to defeat MR: 55%) Sigmund shouts!
Sigmund resists with significant effort.
Casting: Confuse (safe; 9% risk of failure)
Confirm with . or Enter, or press ? or * to list all spells.
Aiming: Confuse (safe; 9% risk of failure)
Press: ? - help, Shift-Dir - straight line, f/p - Sigmund
Aim: Sigmund, wielding a +3 scythe of venom and wearing a +0 robe (chance to defeat MR: 55%) Sigmund resists with significant effort.
Sigmund casts a spell at you.
You are confused.
You bump into the rock wall.
Sigmund hits you with a +3 scythe of venom!
You are poisoned.
It was a potion of flight.
You feel very buoyant.
You fly up into the air.
You feel sick.
Sigmund hits you with a +3 scythe of venom!
Ouch! That really hurt!
You die...

#.......#.....###.........#.###
#................###(.....#.#
#.......g...##............#
#.....g...#.......)##########
#####.........#.###.#..).....)...
.....†................##########.
#.###.........##..)...#..(.
#######.#.##@...........
########.#.##@.....)§.§..
.g.g................._...
.g.......#.#####.#..○.○..
#######.#.###... ..#..○○...
...!....#.# #########.#...#.
###<....?.# .#.#.# ###g...## ..#
....# ....#


You could see Sigmund.

Vanquished Creatures
  Robin (D:1)
  2 adders (D:2)
  3 dart slugs (D:1)
  2 leopard geckos
  4 giant cockroaches
  15 goblins
  6 hobgoblins
  4 kobolds
  A ball python (D:1)
  6 bats
  3 frilled lizards
  4 rats
51 creatures vanquished.

Vanquished Creatures (others)
  A kobold (D:2)
1 creature vanquished.

Grand Total: 52 creatures vanquished

Notes
Turn   | Place    | Note
-------+----------+-------------------------------------------
     0 | D:1      | FessEmpty the Vine Stalker Enchanter began the quest for
                  | the Orb.
     0 | D:1      | Reached XP level 1. HP: 9/9 MP: 4/4
   375 | D:1      | Reached XP level 2. HP: 13/13 MP: 3/6
   403 | D:1      | Learned a level 2 spell: Ensorcelled Hibernation
   856 | D:1      | Reached skill level 1 in Ice Magic
   925 | D:1      | Reached XP level 3. HP: 16/16 MP: 4/7
   998 | D:1      | Reached skill level 4 in Hexes
  1609 | D:2      | Noticed Sigmund
  1610 | D:2      | Noticed Robin
  1623 | D:2      | Found a radiant altar of Vehumet.
  1885 | D:1      | Killed Robin
  1885 | D:1      | Gained mutation: Your natural rate of healing is unusually
                  | fast. [Vine Stalker growth]
  1885 | D:1      | Reached XP level 4. HP: 15/21 MP: 1/8
  1984 | D:2      | Learned a level 3 spell: Confuse
  2473 | D:2      | Slain by Sigmund

Levels and vault maps discovered:
D:1:      roderic_dead_forest, layout_basic, minivault_19
D:2:      layout_basic, fiery_altar_vehumet, first_ration, serial_rivers,
          chequers_serial_rivers_micro_b, chequers_serial_rivers_room_b,
          chequers_serial_rivers_micro_a, chequers_serial_rivers_micro_d,
          uniq_natasha, uniq_robin, uniq_sigmund

Skill      XL: |  1  2  3 |
---------------+----------+-----
Ice Magic      | 1 |  1.0
Hexes          | 4 |  4.9
Short Blades   | |  0.8
Dodging        | |  1.5
Stealth        | |  3.6
Spellcasting   | |  2.3

Action                   |  1- 3 |  4- 6 || total
-------------------------+-------+-------++-------
Melee: Dagger            |    72 |    12 ||    84
       Bite              |     9 |     2 ||    11
Throw: Boomerang         |     2 |       ||     2
       Dart              |       |     2 ||     2
 Cast: Corona            |     5 |       ||     5
       Ensorcelled Hiber |    32 |    15 ||    47
       Confuse           |       |     4 ||     4
  Use: Potion            |     1 |     1 ||     2
 Stab: Sleeping          |    28 |     8 ||    36
  Eat: Chunk             |     5 |     4 ||     9
Armor: Robe              |    15 |       ||    15
Dodge: Dodged            |    50 |    10 ||    60
